 Dungeon Crawl Stone Soup version 0.30-a0-311-gf115ab0292 (webtiles) character file.

Game seed: 855356538112572411

1596 purpskrrrp the Skirmisher (level 9, 0/49 HPs)
             Began as a Kobold Hunter on Oct 25, 2022.
             Was an Initiate of Makhleb.
             Succumbed to a kobold brigand's poison
             ... on level 6 of the Dungeon.
             The game lasted 00:11:52 (6639 turns).

purpskrrrp the Skirmisher (Kobold Hunter)           Turns: 6639, Time: 00:11:53

Health: 0/49       AC: 11    Str:  9    XL:     9   Next: 15%
Magic:  9/9        EV: 13    Int: 10    God:    Makhleb [......]
Gold:   356        SH:  0    Dex: 22    Spells: 8/8 levels left

rFire   . . .      SeeInvis .    a - +0 shortbow
rCold   . . .      Faith    .    (shield currently unavailable)
rNeg    . . .      Spirit   .    y - +3 ring mail
rPois   .          Reflect  .    (no helmet)
rElec   .          Harm     .    (no cloak)
rCorr   .          Rampage  .    (no gloves)
Will    +....                    l - +2 pair of boots
Stlth   ++++......               (no amulet)
HPRegen 0.28/turn                e - ring of willpower
MPRegen 0.11/turn                (no ring)

@: lethally poisoned (0 -> -2)
A: small, no large weapons, nightstalker 3
a: Renounce Religion


You were on level 6 of the Dungeon.
You worshipped Makhleb.
Makhleb was noncommittal.
You visited 1 branch of the dungeon, and saw 6 of its levels.
You also visited: Ossuary.

You collected 356 gold pieces.

Inventory:

Hand Weapons
 a - a +0 shortbow (weapon)
Missiles
 v - 2 throwing nets
Armour
 c - a +2 leather armour
 l - a +2 pair of boots (worn)
 y - a +3 ring mail (worn)
Magical Staves
 j - a staff of conjuration
Jewellery
 e - a ring of willpower (left hand)
 i - a ring of magical power
 o - a +6 ring of strength
 q - a ring of ice
 z - a ring of protection from fire
Scrolls
 b - 2 scrolls of immolation
 h - a scroll of teleportation
 n - a scroll of acquirement {unknown}
 u - a scroll of noise {unknown}
 w - 2 scrolls of enchant weapon {unknown}
 x - a scroll of identify
 A - a scroll of magic mapping {unknown}
Potions
 d - 5 potions of lignification
 f - 2 potions of mutation {unknown}
 g - 2 potions of brilliance {unknown}
 k - 2 potions of resistance {unknown}
 m - a potion of might
 p - 3 potions of heal wounds {unknown}
 r - a potion of curing
 s - 2 potions of degeneration {unknown}
 t - 2 potions of flight {unknown}


   Skills:
 - Level 2.3 Fighting
 * Level 11.2 Ranged Weapons
 - Level 2.6 Dodging
 + Level 5.9 Stealth
 - Level 4.3 Conjurations
 - Level 5.2 Evocations


You had 8 spell levels left.
You didn't know any spells.
Your spell library contained the following spells:

 Spells                   Type           Power      Damage    Failure   Level
 Stone Arrow              Conj/Erth      8%         3d7       80%         3
 Sublimation of Blood     Necr           0%         N/A       85%         2
 Wereblood                Tmut           0%         N/A       85%         2
 Animate Armour           Summ/Erth      0%         N/A       100%        4
 Summon Hydra             Summ           0%         N/A       100%        7
 Lehudib's Crystal Spear  Conj/Erth      2%         10d2      100%        8


Dungeon Overview and Level Annotations

Branches:
Dungeon (6/15)            Ossuary (visited)
 Temple: D:4-7

Altars:
Cheibriados
Fedhas
Makhleb
Okawaru
Trog
Wu Jian

Annotations:
D:6 Blork the orc


Innate Abilities, Weirdness & Mutations

You are small and have problems with some larger weapons.
You are completely attuned to the shadows.


Message History

Your Ranged Weapons skill increases to level 11!
Fire: a) +0 shortbow
Press: ? - help, Shift-Dir - straight line, f - kobold
Aim: a kobold, wielding a +0 whip and quivering stones (63% to hit)
You shoot an arrow.
The arrow hits the kobold but does no damage.
You are engulfed in a cloud of scalding steam.
* * * LOW HITPOINT WARNING * * *
You feel very sick. The jelly hits you.
* * * LOW HITPOINT WARNING * * *
You are splashed with acid.
* * * LOW HITPOINT WARNING * * *
The kobold misses you.
Blork the orc comes into view.
He is wielding a +0 dire flail.
As you read the scroll of teleportation, it crumbles to dust.
You feel strangely unstable.
* * * LOW HITPOINT WARNING * * *
You feel sick. The kobold brigand barely misses you. The jelly misses you.
The kobold completely misses you.
Blork the orc looks satisfied for a moment.
Fire: a) +0 shortbow
Press: ? - help, Shift-Dir - straight line, f/p - kobold
Aim: a kobold, wielding a +0 whip and quivering stones (63% to hit)
You shoot an arrow. The arrow hits the kobold.
You kill the kobold!
Makhleb accepts your kill.
* * * LOW HITPOINT WARNING * * *
You feel sick.
The kobold brigand hits you but does no damage.
The jelly closely misses you.
* * * LOW HITPOINT WARNING * * *
You feel sick. The jelly hits you but does no damage.
Blork the orc looks braver for a moment.
The white imp misses you.
Things that are here:
a +0 whip; 3 stones; a kobold corpse Your surroundings suddenly seem different.
A water moccasin and an orc come into view.
You die...

.....########
.......#.....
.....).#.....
..o..#.#.....
....@#.5.....
.....#.#.....
...SKo)......
....##D#.....
...# #K#.....
#K#5....
#J)..... #.#
###†.####.
#.##.#....#


You could see Blork the orc, a steam dragon, a water moccasin, an orc and 2
kobolds.

Vanquished Creatures
  Eustachio (D:4)
  A steam dragon (D:6)
  An orc warrior (D:6)
  A black bear (D:4)
  A phantom (D:5)
  A kobold brigand (D:5)
  3 elf zombies (Ossuary)
  A bullfrog (D:5)
  A scorpion (D:4)
  2 jellies (D:4)
  2 centaur zombies (Ossuary)
  2 hounds (D:4)
  A human zombie (Ossuary)
  An orc priest (D:6)
  3 iguanas (D:5)
  2 mummies (Ossuary)
  Robin (D:2)
  10 gnolls
  5 adders
  2 adder zombies (Ossuary)
  4 worms
  3 dart slugs
  21 orcs
  2 bats
  3 endoplasms
  A giant cockroach (D:1)
  11 goblins
  11 hobgoblins
  A jackal (D:1)
  15 kobolds
  8 quokkas
  5 ball pythons
  2 frilled lizards
  2 goblin zombies (Ossuary)
  7 hobgoblin zombies (Ossuary)
  9 kobold zombies (Ossuary)
  10 orc zombies (Ossuary)
  3 rats
  A rat zombie (Ossuary)
161 creatures vanquished.

Vanquished Creatures (others)
  A fungus (D:1)
  13 plants (D:2)
14 creatures vanquished.

Grand Total: 175 creatures vanquished

Notes
Turn   | Place    | Note
-------+----------+-------------------------------------------
     0 | D:1      | purpskrrrp the Kobold Hunter began the quest for the Orb.
     0 | D:1      | Reached XP level 1. HP: 12/12 MP: 1/1
   124 | D:1      | Reached XP level 2. HP: 12/18 MP: 2/2
   304 | D:1      | Found a faded altar of an unknown god.
   873 | D:2      | Reached skill level 6 in Ranged Weapons
   874 | D:2      | Reached XP level 3. HP: 22/22 MP: 3/3
   942 | D:2      | Reached skill level 1 in Evocations
  1116 | D:2      | Reached skill level 1 in Conjurations
  1116 | D:2      | Reached XP level 4. HP: 27/27 MP: 4/4
  1147 | D:2      | HP: 1/27 [dart slug/slug dart (3)]
  1445 | D:2      | Noticed Robin
  1476 | D:2      | Killed Robin
  1804 | D:2      | Reached XP level 5. HP: 31/31 MP: 5/5
  2859 | D:3      | Found an iron altar of Okawaru.
  3515 | D:4      | Reached skill level 7 in Ranged Weapons
  3515 | D:4      | Reached XP level 6. HP: 36/36 MP: 6/6
  3526 | D:4      | Found a sand-covered staircase.
  3533 | Ossuary  | Entered an ossuary
  3705 | Ossuary  | Reached XP level 7. HP: 33/40 MP: 7/7
  3851 | Ossuary  | Reached skill level 8 in Ranged Weapons
  4228 | D:4      | Noticed Eustachio
  4250 | D:4      | Killed Eustachio
  4251 | D:4      | Reached skill level 5 in Evocations
  4251 | D:4      | Reached XP level 8. HP: 12/45 MP: 8/8
  4900 | D:4      | Found a bloodstained altar of Trog.
  4907 | D:4      | Reached skill level 9 in Ranged Weapons
  4974 | D:4      | Found a snail-covered altar of Cheibriados.
  4974 | D:4      | Found a blossoming altar of Fedhas.
  5069 | D:4      | Found an ornate altar of the Wu Jian Council.
  5347 | D:5      | Entered Level 5 of the Dungeon
  5435 | D:5      | Reached skill level 10 in Ranged Weapons
  5998 | D:5      | Reached skill level 5 in Stealth
  6259 | D:5      | Found a burning altar of Makhleb.
  6261 | D:5      | Noticed a cacodemon
  6262 | D:5      | Noticed a hellwing
  6262 | D:5      | Noticed an orange demon
  6310 | D:5      | Became a worshipper of Makhleb the Destroyer
  6453 | D:6      | Reached XP level 9. HP: 15/49 MP: 9/9
  6635 | D:6      | Reached skill level 11 in Ranged Weapons
  6635 | D:6      | Noticed Blork the orc
  6637 | D:6      | HP: 1/49 [poisoned by a kobold brigand]
  6639 | D:6      | Succumbed to a kobold brigand's poison

Illustrated notes

Levels and vault maps discovered:
D:1:      pf_arrival_petrified_forest, layout_basic,
          chequers_ecumenical_altar_simple_redux, dreamdust_mushroom_princess,
          minmay_misc_feat_enclosed, nicolae_concentric_dashed_squares_wild,
          minmay_close_crescents
D:2:      wad_woods_settlement, layout_basic, minmay_misc_feat_plants,
          uniq_robin
D:3:      layout_basic, mainiacjoe_overflow_surrounded_room
D:4:      layout_gridville, mainiacjoe_overflow_24_doors,
          gammafunk_temple_overflow_forgotten, enter_ossuary_2, uniq_eustachio
D:5:      layout_loops_cross, makhleb_altar_promises_db
D:6:      layout_rooms, uniq_menkaure, uniq_blork_the_orc

Skill      XL: |  1  2  3  4  5  6  7  8  9 |
---------------+----------------------------+-----
Ranged Weapons | 6 7 8 10 11 | 11.2
Evocations     | 1 2 3 4 5 |  5.2
Conjurations   | 1 2 3 4 |  4.3
Stealth        | 5 |  5.9
Fighting       | |  2.3
Dodging        | |  2.6

Action                   |  1- 3 |  4- 6 |  7- 9 || total
-------------------------+-------+-------+-------++-------
 Fire: Shortbow          |    61 |   227 |   312 ||   600
  Use: Scroll            |     3 |     8 |     2 ||    13
       Potion            |       |     2 |       ||     2
Armor: Leather armour    |     5 |    38 |    59 ||   102
       Ring mail         |       |       |    18 ||    18
Dodge: Dodged            |    26 |   109 |   181 ||   316

Table legend: (Time is in decaauts)
 A = Elapsed time spent in this place.
 B = Non-inter-level travel time spent in this place.
 C = Inter-level travel time spent in this place.
 D = Time resting spent in this place.
 E = Time spent auto-exploring this place.
 F = Levels seen in this place.
 G = Mean time per level.
                   A        B        C        D        E       F      G
               +--------+--------+--------+--------+--------+-----+--------+
         Total |   6743 |   6567 |    176 |    893 |   4445 |   7 |  963.3 |
       Dungeon |   6366 |   6190 |    176 |    893 |   4419 |   6 | 1061.0 |
       Ossuary |    376 |    376 |      0 |      0 |     26 |   1 |  376.0 |
               +--------+--------+--------+--------+--------+-----+--------+

Top non-repeatable levels by time:
     D:4: 1673 daAuts
     D:3: 1290 daAuts
     D:2: 1223 daAuts
     D:5: 993 daAuts
     D:1: 875 daAuts
 Ossuary: 376 daAuts
     D:6: 310 daAuts
